 Dungeon Crawl Stone Soup version 0.25-a0-448-g1f46b9f714 (webtiles) character file.

Game seed: 9811695322675768205, levelgen mode: deterministic

462 kae the Cleaver (level 6, -14/51 HPs)
             Began as a Minotaur Fighter on Jan 31, 2020.
             Killed from afar by an adder (33 damage)
             ... with an exploding inner flame
             ... hexed by the player character
             ... on level 4 of the Dungeon.
             The game lasted 00:01:12 (2366 turns).

kae the Cleaver (Minotaur Fighter)                  Turns: 2366, Time: 00:01:12

Health: -14/51     AC:  9    Str: 22    XL:     6   Next: 79%
Magic:  5/5        EV:  7    Int:  5    God:
Gold:   137        SH:  9    Dex: 10    Spells: 5/5 levels left

rFire    . . .     SeeInvis .   a - +0 war axe
rCold    . . .     Gourm    .   c - +0 shield
rNeg     . . .     Faith    .   b - +0 scale mail
rPois    .         Spirit   .   (helmet restricted)
rElec    .         Reflect  .   (no cloak)
rCorr    .         Harm     .   (no gloves)
MR       .....                  g - +1 pair of boots
Stlth    ..........             (no amulet)
HPRegen  0.17/turn              (no ring)
MPRegen  0.09/turn              (no ring)

@: no status effects
A: retaliatory headbutt, horns 2
a: no special abilities


You were on level 4 of the Dungeon.
You were not hungry.

You visited 1 branch of the dungeon, and saw 4 of its levels.

You collected 137 gold pieces.

Inventory:

Hand Weapons
 a - a +0 war axe (weapon)
Armour
 b - a +0 scale mail (worn)
 c - a +0 shield (worn)
 g - a +1 pair of boots (worn)
Scrolls
 e - a scroll of remove curse
 l - a scroll of enchant armour
Potions
 d - a potion of might
 h - a potion of ambrosia {unknown}
 j - a potion of heal wounds {unknown}
 k - a potion of haste {unknown}
 m - a potion of cancellation {unknown}
 n - a potion of mutation {unknown}
 o - a potion of degeneration {unknown}
 r - a potion of resistance {unknown}
Comestibles
 f - 5 rations


   Skills:
 - Level 3.6 Fighting
 + Level 8.9 Axes
 - Level 3.6 Armour
 - Level 3.6 Shields


You had 5 spell levels left.
You didn't know any spells.
Your spell library contained the following spells:

 Spells                   Type           Power        Failure   Level  Hunger
 Confusing Touch          Hex            #.......     100%        3    ####...
 Gell's Gravitas          Tloc           #.........   100%        3    ####...
 Petrify                  Tmut/Erth      #.......     100%        4    #####..
 Metabolic Englaciation   Hex/Ice        #.........   100%        5    ######.
 Yara's Violent Unravell  Hex/Tmut       #.........   100%        5    ######.


Dungeon Overview and Level Annotations

Branches:
Dungeon (4/15)
 Temple: D:4-7

Altars:
Okawaru


Innate Abilities, Weirdness & Mutations

You reflexively headbutt those who attack you in melee.
You have a pair of horns on your head.


Message History

It was a scroll of immolation.
You block the quokka's attack.
You miss the quokka. The quokka closely misses you. You furiously retaliate!
You headbutt the quokka, but do no damage.
Your shield prevents you from hitting the quokka.
Your headbutt misses the quokka.
The quokka twitches its whiskers.
You block the quokka's attack. The quokka bites you.
You slash the adder!
Flame seeps out of the adder.
Your headbutt misses the adder.
The adder is severely wounded.
You miss the quokka.
The adder is engulfed in blazing flames.
The adder explodes!
The fiery explosion engulfs the quokka!!
The quokka explodes!
The fiery explosion engulfs you!!
Ouch! That really hurt!
The fiery explosion engulfs you!!
Ouch! That really hurt!
You die...

,,**,,,,*,,,,***,,****,,**
*,,***,**,,..,*#....#,..,*
,,,,,*,,,,,#.###....,...**
**,,,***,,*#.......##...*
,,,,** ***##..>.......##*
,,,******##.............*
,,,,*,,,,.>...?§§§.....#*
,*,,**,,,......§○§...##*
***,,,,,,......§@§....#*
,*,,,,,,,..............#*
,,,,,,,,,....<..........*
,,,,,,,,,...........#...*
,,,*,,,,,###......###*##*
*,****,,** #.......*
,,****,****#(......**
,,*,**,,,,,.........**
,,,,,,,,,,,,,,,,,,,,,**


There were no monsters in sight!

Vanquished Creatures
  Sigmund (D:3)
  A howler monkey (D:3)
  A crimson imp (D:2)
  Terence (D:3)
  A worker ant (D:3)
  2 orc wizards (D:3)
  3 adders
  An ooze (D:3)
  3 dart slugs
  A leopard gecko (D:2)
  4 orcs (D:3)
  5 giant cockroaches
  7 goblins
  10 hobgoblins
  5 jackals
  8 kobolds
  2 quokkas
  10 bats
  2 frilled lizards
  6 rats
74 creatures vanquished.

Notes
Turn   | Place    | Note
-------+----------+-------------------------------------------
     0 | D:1      | kae the Minotaur Fighter began the quest for the Orb.
     0 | D:1      | Reached XP level 1. HP: 19/19 MP: 0/0
    61 | D:1      | Reached skill level 3 in Axes
   170 | D:1      | Reached XP level 2. HP: 25/26 MP: 1/1
   445 | D:1      | Reached skill level 4 in Axes
   655 | D:2      | Noticed a crimson imp
   660 | D:2      | Reached XP level 3. HP: 29/31 MP: 2/2
   704 | D:2      | Reached skill level 5 in Axes
   704 | D:2      | Reached XP level 4. HP: 38/39 MP: 3/3
  1323 | D:3      | Found an iron altar of Okawaru.
  1336 | D:3      | Reached skill level 6 in Axes
  1542 | D:3      | Reached XP level 5. HP: 41/45 MP: 4/4
  1742 | D:3      | Reached skill level 7 in Axes
  1805 | D:3      | Noticed Terence
  1821 | D:3      | Killed Terence
  1948 | D:3      | Noticed Sigmund
  1960 | D:3      | Killed Sigmund
  1960 | D:3      | Reached skill level 8 in Axes
  1960 | D:3      | Reached XP level 6. HP: 33/51 MP: 5/5
  2366 | D:4      | Killed from afar by an adder

Levels and vault maps discovered:
D:1:      grunt_arrival_crossed_arrows, layout_loops_cross,
          hangedman_decor_points
D:2:      layout_loops_ring, kennysheep_flooded_box
D:3:      layout_basic, first_ration, lemuel_altar_in_water, uniq_terence,
          uniq_sigmund
D:4:      layout_cave_pools, ashenzari_altar_1, gammafunk_ghost_cemetery,
          uniq_pikel, uniq_ijyb

Skill      XL: |  1  2  3  4  5 |
---------------+----------------+-----
Axes           | 3 4 5 6 8 |  8.9
Fighting       | |  3.6
Armour         | |  3.6
Shields        | |  3.6

Action                   |  1- 3 |  4- 6 || total
-------------------------+-------+-------++-------
Melee: War axe           |    64 |   124 ||   188
       Headbutt          |     7 |    14 ||    21
  Use: Scroll            |       |     6 ||     6
  Eat: Chunk             |       |     5 ||     5
Armor: Scale mail        |    27 |    46 ||    73
Dodge: Dodged            |    17 |    39 ||    56
Block: Shield            |    27 |    50 ||    77

Table legend:
 A = Non-vault XP
 B = Vault XP
 C = Vault XP percentage of total XP
 D = Non-vault monster count
 E = Vault monster count
 F = Vault count percentage of total count
                 A         B        C        D         E       F
            +---------+---------+-------+---------+---------+-------
      Total |     383 |     278 |  42.1 |      72 |       2 |   2.7
            +---------+---------+-------+---------+---------+-------
        D:1 |      35 |       0 |   0.0 |      17 |       0 |   0.0
        D:2 |     115 |       0 |   0.0 |      26 |       0 |   0.0
        D:3 |     231 |     278 |  54.6 |      28 |       2 |   6.7
        D:4 |       2 |       0 |   0.0 |       1 |       0 |   0.0
            +---------+---------+-------+---------+---------+-------
